Map: Fields of Death

Players

drnavorious

  • Race: Zerg Zerg
  • Spawn Location: 6:00

couchman

  • Race: Terran Terran
  • Spawn Location: 7:00

CBagRun - Winner!

  • Race: Zerg Zerg
  • Spawn Location: 12:00

HORSES - Winner!

  • Race: Zerg Zerg
  • Spawn Location: 12:00

VOD

Have the link to the VOD?

Description

Time

  • Played on: Dec. 12, 2021, 8:34 p.m.
  • Length: 26:32
Show
View Real Time Build Order
Export as new Build Order

drnavorious Zerg 

Build Orders: Hatch First 

Get SALT Encoding   

  12  0:02  Drone  
  13  0:13  Overlord  
  13  0:32  Drone  
  14  0:57  Hatchery  
  14  1:01  Spawning Pool  
  12  1:06  Drone  
  13  1:20  Overlord  
  13  1:23  Drone x2  
  15  1:57  Zergling x2  
  15  1:58  Zergling x4  
  18  2:15  Spine Crawler  
  17  2:18  Zergling x2  
  18  2:28  Extractor  
  17  2:33  Drone  
  17  2:34  Drone  
  19  2:49  Drone  
  19  2:51  Overlord  
  20  2:52  Zergling x2  
  20  2:56  Queen  
  23  2:59  Queen  
  23  3:05  Overlord  
  25  3:13  Extractor  
  25  3:16  Drone  
  26  3:20  Drone  
  26  3:22  Drone  
  27  3:52  Drone  
  27  3:53  Drone  
  29  4:09  Roach Warren  
  28  4:12  Zergling x6  
  28  4:16  Zergling x4  
  28  4:17  Zergling x2  
  34  4:40  Lair  
  34  4:45  Zergling x4  
  36  5:23  Roach  
  36  5:24  Roach x2  
  42  5:30  Roach x3  
  48  5:44  Drone  
  49  6:09  Roach  
  51  6:12  Overlord  
  51  6:17  Overlord  
  51  7:17  Overseer  
  51  7:21  Overseer  
  51  7:25  Drone x3  
  54  7:30  Overlord x3  
  54  7:47  Overseer  
  50  8:55  Roach x3  
  56  9:06  Roach x3  
  62  9:18  Spine Crawler  
  61  9:29  Spore Crawler  
  60  9:33  Spore Crawler  
  60  9:36  Drone x3  
  62  9:40  Overlord x3  
  62  10:13  Hydralisk Den  
  61  10:23  Roach x3  
  67  10:48  Hydralisk Den  
  66  11:02  Spire  
  65  11:13  Spore Crawler  
  64  11:23  Drone  
  65  11:26  Zergling x4  
  67  11:40  Overseer  
  67  11:50  Spore Crawler  
  67  11:53  Spore Crawler  
  65  12:01  Spore Crawler x2  
  64  12:06  Spore Crawler  
  62  12:16  Mutalisk x3  
  62  12:20  Mutalisk  
  62  12:21  Mutalisk x2  
  74  12:59  Mutalisk x3  
  74  13:03  Hydralisk x3  
  86  13:27  Muscular Augments  
  86  13:38  Overlord  
  86  14:04  Overlord  
  86  14:05  Overlord x2  
  86  14:23  Queen  
  88  14:53  Hatchery  
  88  14:56  Drone  
  88  14:57  Drone x2  
  88  14:59  Queen  
  92  15:34  Queen  
  94  15:54  Infestation Pit  
  94  15:56  Drone x3  
  96  16:10  Queen  
  98  16:13  Overlord  
  98  16:19  Hydralisk  
  98  16:24  Corruptor x3  
  106  16:48  Hive  
  106  17:23  Overlord x3  
  106  17:35  Mutalisk x2  
  110  17:47  Swarm Host  
  110  17:48  Drone  
  114  18:08  Drone  
  114  18:12  Drone x2  
  117  18:55  Spore Crawler  
  116  18:58  Drone x2  
  55  19:55  Drone  
  42  20:17  Viper  
  42  20:18  Viper  
  42  20:22  Hydralisk  
  26  20:47  Spore Crawler  
  12  22:01  Drone  
  12  22:26  Drone  
  13  23:29  Spawning Pool  
  12  23:47  Drone  
  13  24:07  Drone  
  14  24:55  Roach Warren  
  13  25:10  Grooved Spines  
  13  25:21  Hydralisk x3  
  13  25:28  Hatchery  
Show
View Real Time Build Order
Export as new Build Order

couchman Terran 

Build Orders:  

Get SALT Encoding   

  12  0:00  SCV  
  13  0:16  SCV  
  14  0:25  Supply Depot  
  14  0:28  SCV  
  15  0:47  SCV  
  16  0:50  Refinery  
  16  0:54  Supply Depot  
  16  0:59  SCV  
  17  1:11  SCV  
  18  1:16  Barracks  
  18  1:23  SCV  
  19  1:35  SCV  
  20  1:47  SCV  
  21  2:06  Refinery  
  21  2:09  SCV, Command Center  
  21  2:13  Barracks Tech Lab  
  22  2:21  SCV  
  23  2:34  SCV  
  24  2:37  Combat Shield  
  24  2:39  Marine  
  25  2:46  SCV  
  26  2:56  Marine  
  26  2:57  Command Center  
  26  2:58  SCV  
  28  3:10  SCV  
  29  3:14  Marine  
  29  3:15  Factory  
  30  3:22  SCV  
  30  3:25  SCV  
  32  3:32  Marine  
  33  3:34  SCV  
  33  3:37  SCV  
  35  3:46  SCV  
  36  3:49  SCV  
  36  3:50  Marine  
  38  4:01  SCV  
  39  4:09  SCV  
  40  4:11  SCV  
  40  4:13  SCV  
  40  4:15  Refinery  
  42  4:22  SCV  
  42  4:23  SCV  
  44  4:24  Marine  
  44  4:27  Armory  
  44  4:30  Widow Mine  
  47  4:34  SCV  
  47  4:35  SCV  
  49  4:42  Marine  
  50  4:48  SCV  
  50  4:51  Widow Mine  
  53  4:55  Starport  
  53  4:59  SCV  
  54  5:00  Marine, SCV x2  
  57  5:11  SCV  
  57  5:12  SCV  
  57  5:13  Widow Mine  
  61  5:15  Engineering Bay  
  61  5:25  Supply Depot  
  61  5:34  Supply Depot  
  61  5:46  Marine, SCV x2  
  61  5:49  Supply Depot  
  64  5:56  Supply Depot  
  64  5:58  SCV  
  65  6:04  Marine  
  66  6:14  Supply Depot, Command Center  
  66  6:20  Bunker  
  66  6:22  Marine  
  67  6:27  Command Center  
  67  6:28  SCV  
  67  6:31  SCV  
  69  6:39  Refinery  
  69  6:40  SCV  
  69  6:43  SCV  
  69  6:44  Refinery  
  69  6:45  SCV  
  72  6:48  Marine  
  72  6:50  Bunker  
  72  6:52  Hellion  
  72  6:53  SCV  
  76  6:55  SCV  
  76  6:58  SCV  
  76  6:59  Starport Tech Lab  
  78  7:02  Starport  
  78  7:05  SCV  
  78  7:06  Marine, Barracks  
  80  7:10  SCV, Fusion Core  
  80  7:14  Hellion  
  83  7:24  Marine  
  83  7:27  SCV  
  83  7:29  SCV  
  86  7:32  SCV  
  86  7:35  Refinery  
  87  7:37  Terran Infantry Weapons Level 1  
  87  7:39  Terran Vehicle And Ship Armor Level 1  
  87  7:41  Marine, SCV, Stimpack  
  87  7:43  Starport Tech Lab  
  87  7:44  SCV  
  90  7:46  Medivac  
  92  7:53  Barracks Reactor  
  92  7:54  SCV  
  93  7:59  Marine  
  94  8:07  SCV  
  94  8:08  Missile Turret  
  94  8:11  SCV  
  96  8:16  Medivac  
  96  8:17  Marine  
  100  8:20  SCV  
  100  8:23  SCV  
  102  8:27  SCV  
  102  8:28  SCV  
  102  8:32  SCV  
  104  8:35  SCV  
  104  8:39  Reaper x3, SCV  
  104  8:40  SCV  
  108  8:46  Medivac  
  108  8:47  SCV  
  111  8:55  Missile Turret  
  111  9:01  Bunker  
  111  9:11  Reaper x3  
  114  9:31  Terran Infantry Armor Level 1  
  114  9:33  Terran Ship Weapons Level 1  
  114  9:35  Battlecruiser x2  
  126  9:43  Reaper x3  
  129  9:55  Weapon Refit  
  129  10:02  Factory Reactor  
  129  10:05  Ghost Academy  
  129  10:14  Bunker  
  129  10:15  Reaper x2  
  131  10:44  Bunker  
  131  11:07  Reaper x2  
  131  11:13  Supply Depot  
  131  11:25  Terran Infantry Weapons Level 2  
  131  11:27  Terran Vehicle Weapons Level 1  
  131  11:35  Reaper, Battlecruiser  
  131  11:36  Supply Depot  
  139  11:40  Reaper  
  139  11:58  Reaper, Battlecruiser  
  139  11:59  Supply Depot  
  146  12:03  Barracks  
  146  12:07  Reaper  
  147  12:12  Reaper  
  146  12:22  Supply Depot  
  146  12:30  Reaper  
  147  12:39  Reaper, Battlecruiser  
  147  12:44  Reaper  
  149  12:57  Supply Depot  
  138  13:02  Battlecruiser  
  139  13:21  Terran Vehicle And Ship Armor Level 2  
  139  13:23  Supply Depot  
  139  13:25  Personal Cloaking  
  139  13:33  Missile Turret  
  139  13:39  Supply Depot  
  139  13:40  Terran Infantry Armor Level 2  
  139  13:43  SCV  
  140  13:51  Barracks Reactor  
  140  13:52  Missile Turret  
  140  13:55  SCV  
  141  14:03  Supply Depot  
  141  14:30  Supply Depot  
  141  14:54  Supply Depot  
  99  15:25  Battlecruiser x2  
  111  15:31  Starport  
  111  15:34  Widow Mine x2  
  115  15:47  Marine x4  
  115  15:48  Marine  
  120  15:55  Widow Mine x2  
  118  16:05  Marine  
  118  16:08  Starport  
  119  16:16  Widow Mine  
  119  16:17  Widow Mine  
  123  16:22  Marine x5  
  128  16:29  Battlecruiser  
  128  16:30  Battlecruiser  
  140  16:38  Widow Mine x2  
  144  16:40  Marine x5, Medivac  
  144  16:46  Starport Reactor  
  151  16:58  Marine x5  
  151  16:59  Widow Mine x2  
  160  17:10  Medivac  
  162  17:15  Marine x2  
  162  17:16  Marine x3  
  162  17:21  Widow Mine x2  
  171  17:26  Barracks  
  171  17:33  Marine x3  
  171  17:34  Marine x2, Battlecruiser x2  
  188  17:51  Marine x4  
  188  17:52  Marine  
  193  18:09  Marine x5  
  198  18:20  Barracks  
  198  18:27  Marine  
  199  18:49  Starport Tech Lab  
  193  19:08  Barracks  
  187  19:48  Battlecruiser x2  
  199  19:55  Barracks, Bunker  
  193  20:25  Bunker  
  181  20:42  Barracks  
  181  20:52  Missile Turret  
  181  20:55  Missile Turret  
  175  21:11  Missile Turret  
  117  22:03  Supply Depot  
  117  22:07  Marine  
  117  22:08  SCV  
  115  22:10  Marine  
  115  22:16  Marine  
  115  22:20  SCV  
  107  22:25  Marine  
  107  22:27  Supply Depot  
  107  22:28  Marine  
  100  22:32  SCV  
  100  22:34  Marine  
  100  22:37  Barracks  
  102  22:39  Marine  
  102  22:43  Marine  
  94  22:44  SCV  
  94  22:46  Marine  
  94  22:50  Supply Depot  
  91  22:52  Marine  
  91  22:56  SCV  
  92  23:12  Supply Depot  
  76  23:34  Marine x3  
  70  23:36  Supply Depot  
  73  23:45  SCV  
  73  23:46  Marine  
  67  23:56  Engineering Bay  
  67  23:58  Supply Depot, SCV  
  66  24:04  Marine  
  48  24:20  Supply Depot  
  48  24:22  Marine  
  47  24:31  Refinery  
  39  24:40  Marine  
Show
View Real Time Build Order
Export as new Build Order

CBagRun Zerg - Winner!

Build Orders: Pool First 

Get SALT Encoding   

  12  0:02  Drone  
  13  0:16  Overlord  
  13  0:33  Drone  
  14  0:48  Extractor  
  14  0:49  Drone  
  14  1:11  Drone  
  15  1:12  Drone  
  16  1:29  Spawning Pool  
  16  1:32  Drone  
  16  1:44  Extractor  
  16  1:46  Drone x2  
  16  1:47  Overlord  
  17  1:57  Drone  
  18  2:15  Drone  
  19  2:18  Queen  
  19  2:21  Zergling x2  
  22  2:30  Overlord  
  22  2:49  Metabolic Boost  
  22  3:06  Drone  
  22  3:07  Drone x2  
  25  3:21  Queen  
  27  3:35  Hatchery  
  27  3:37  Drone x2  
  28  3:45  Zergling x2  
  29  3:52  Zergling x2  
  29  3:53  Zergling x2  
  31  4:19  Zergling x6  
  31  4:20  Zergling x6  
  37  4:46  Roach Warren  
  36  4:54  Drone  
  37  5:11  Drone x2  
  37  5:13  Extractor  
  38  5:15  Drone x2  
  38  5:18  Drone, Extractor  
  38  5:21  Overlord  
  40  5:46  Drone x2  
  40  5:47  Drone  
  43  5:56  Lair  
  43  6:05  Overlord  
  43  6:39  Drone  
  45  6:40  Drone  
  45  6:45  Drone  
  45  6:46  Drone  
  47  6:51  Roach x4  
  55  7:03  Roach  
  55  7:07  Roach  
  59  7:09  Overlord x2  
  59  7:10  Overlord  
  59  7:11  Overlord  
  59  7:55  Roach x3  
  65  7:59  Roach x4  
  65  8:00  Roach  
  75  8:09  Glial Reconstitution  
  75  8:30  Evolution Chamber  
  66  8:57  Spire  
  66  9:02  Roach x3  
  73  9:03  Roach x4  
  73  9:04  Roach  
  81  9:10  Roach x4  
  81  9:11  Roach  
  81  9:16  Overlord  
  91  9:18  Overlord x3  
  91  9:19  Overlord  
  91  9:20  Overlord  
  91  9:39  Hatchery  
  90  9:50  Drone x2  
  92  9:55  Drone x2  
  92  9:56  Drone x3  
  97  10:03  Drone x3  
  100  10:13  Ravager  
  100  10:14  Ravager x5  
  104  10:15  Ravager x4  
  104  10:19  Ravager  
  104  10:20  Ravager x5  
  104  10:21  Ravager x3  
  119  10:22  Ravager  
  119  10:23  Ravager  
  119  10:27  Mutalisk  
  119  10:28  Mutalisk x2  
  125  10:30  Mutalisk  
  125  10:31  Mutalisk  
  131  10:44  Drone x2  
  131  10:45  Drone x3  
  136  10:53  Mutalisk x2  
  136  10:56  Mutalisk  
  142  11:59  Overlord x3  
  122  12:44  Drone x3  
  124  12:47  Mutalisk x3  
  124  12:50  Mutalisk  
  124  12:51  Mutalisk x2  
  137  13:30  Queen  
  137  13:32  Mutalisk  
  137  13:33  Mutalisk x2  
  145  13:38  Overlord x3  
  145  13:43  Zerg Flyer Armor Level 1  
  145  13:57  Extractor  
  145  13:59  Extractor  
  143  14:10  Zergling x4  
  143  14:12  Mutalisk  
  143  14:13  Mutalisk x2  
  143  14:16  Drone x3  
  154  14:19  Queen  
  160  14:31  Roach x2  
  160  14:33  Mutalisk  
  160  14:37  Drone  
  163  14:56  Infestation Pit  
  158  15:37  Zerg Flyer Weapons Level 1  
  158  15:41  Hive  
  154  16:39  Baneling Nest  
  153  17:27  Ultralisk Cavern  
  153  17:28  Centrifugal Hooks  
  152  17:31  Overlord x2  
  152  17:32  Overlord x2  
  152  17:35  Zergling x4  
  152  17:36  Zergling x8  
  158  17:41  Zergling x2  
  158  17:42  Zergling x18  
  168  17:49  Zergling x2  
  168  17:50  Zergling x22  
  180  18:00  Hatchery  
  179  18:15  Mutalisk  
  179  18:16  Mutalisk x6  
  179  18:19  Mutalisk x3  
  199  18:37  Anabolic Synthesis  
  199  18:45  Baneling x2  
  199  18:46  Baneling x5  
  199  18:47  Baneling x5  
  199  18:48  Baneling x19  
  199  18:49  Baneling x25  
  199  19:19  Chitinous Plating  
  127  21:33  Mutalisk x2  
  127  21:34  Mutalisk x6  
  127  21:35  Mutalisk  
  129  22:22  Mutalisk x3  
  133  22:25  Mutalisk x3, Overlord x2  
  133  22:26  Mutalisk  
  141  22:36  Ultralisk x3  
  141  22:37  Ultralisk x3  
  177  22:57  Ravager  
  178  23:18  Mutalisk  
  96  25:08  Viper  
  96  25:12  Lair  
  99  25:14  Zergling x6  
  99  25:15  Zergling x6  
  99  25:16  Zergling x2  
  99  25:17  Zergling x2  
  99  25:20  Zergling x10  
  109  25:39  Overlord x2  
Show
View Real Time Build Order
Export as new Build Order

HORSES Zerg - Winner!

Build Orders: Hatch First 

Get SALT Encoding   

  12  0:04  Drone  
  13  0:38  Overlord x3  
  13  0:53  Drone  
  14  1:02  Drone  
  15  1:22  Drone  
  16  1:34  Drone  
  16  1:38  Hatchery  
  16  1:39  Extractor  
  15  2:06  Drone  
  15  2:07  Drone x2  
  18  2:13  Spawning Pool  
  17  2:22  Drone  
  18  2:30  Overlord  
  18  2:44  Drone  
  19  2:54  Drone  
  20  3:01  Drone  
  20  3:04  Queen  
  23  3:13  Zergling x4  
  23  3:16  Drone x2  
  27  3:37  Drone  
  27  3:38  Drone  
  27  3:39  Queen  
  31  3:46  Drone  
  32  3:49  Drone x3  
  35  4:07  Drone  
  36  4:17  Zergling x6  
  38  4:19  Metabolic Boost  
  38  4:21  Drone  
  38  4:23  Drone x2  
  42  4:38  Drone  
  43  4:42  Drone  
  44  4:46  Overlord x2  
  44  4:55  Extractor  
  44  4:59  Extractor  
  42  5:00  Drone  
  42  5:05  Lair  
  43  5:11  Drone x2  
  45  5:15  Queen  
  47  5:38  Evolution Chamber  
  47  5:39  Drone  
  47  5:40  Drone  
  48  5:43  Zergling x8  
  52  6:06  Evolution Chamber  
  52  6:10  Drone x2, Roach Warren  
  52  6:13  Drone x3  
  55  6:56  Infestation Pit  
  55  7:00  Glial Reconstitution  
  54  7:02  Zerg Melee Weapons Level 1  
  54  7:03  Zerg Ground Armor Level 1  
  54  7:09  Drone x3  
  54  7:13  Extractor  
  56  7:26  Zergling x2  
  57  7:33  Roach  
  59  7:41  Overlord x5  
  59  7:58  Hive  
  59  8:03  Lair  
  59  8:17  Zergling x12  
  55  8:53  Roach x2  
  55  8:54  Roach x2  
  63  8:56  Zerg Missile Weapons Level 1  
  63  8:59  Roach x4  
  63  9:00  Roach x3  
  77  9:08  Drone  
  78  9:16  Roach  
  80  9:20  Zergling x4  
  82  9:40  Roach x4  
  82  9:43  Zerg Ground Armor Level 2  
  90  9:50  Zergling x4  
  90  9:51  Zergling x4  
  94  9:58  Zergling x2  
  94  9:59  Zergling x2  
  96  10:08  Hatchery  
  96  10:14  Drone  
  96  10:15  Drone x3  
  99  10:25  Spire  
  98  10:29  Roach  
  98  10:31  Overlord x2  
  98  10:32  Overlord x3  
  100  10:39  Overlord x2  
  100  10:50  Zerg Melee Weapons Level 2  
  100  11:03  Roach x2  
  104  11:07  Zergling x10  
  109  11:20  Zergling x2  
  110  11:27  Roach x3  
  116  11:40  Mutalisk  
  116  11:41  Mutalisk  
  119  11:59  Corruptor x2  
  121  12:02  Corruptor x3  
  116  12:31  Zerg Missile Weapons Level 2  
  84  13:06  Zerg Ground Armor Level 3  
  84  13:08  Corruptor x4  
  84  13:09  Corruptor x2  
  96  13:14  Corruptor x6  
  108  13:52  Roach x3  
  114  14:01  Roach x3  
  120  14:48  Zerg Melee Weapons Level 3, Hatchery  
  120  14:49  Zerg Flyer Weapons Level 1  
  107  15:29  Queen  
  107  15:33  Roach x2  
  107  15:34  Roach x4  
  121  16:03  Roach x3  
  127  16:31  Roach x3  
  133  16:40  Hatchery  
  133  16:43  Zerg Flyer Armor Level 1  
  133  16:46  Drone x3  
  135  16:59  Extractor  
  134  17:02  Drone  
  135  17:08  Extractor  
  135  17:14  Roach x5  
  144  17:25  Roach x5  
  154  17:31  Zerg Missile Weapons Level 3  
  154  17:44  Drone x3  
  156  17:47  Lair  
  157  17:52  Lair  
  157  17:58  Drone  
  157  18:04  Roach x2  
  157  18:05  Roach  
  164  18:13  Corruptor x2  
  164  18:16  Overlord x3  
  168  18:36  Overlord x2  
  168  18:37  Zerg Flyer Weapons Level 2  
  84  23:43  Roach  
  84  23:44  Roach x2  
  90  23:50  Corruptor x5  
  90  23:54  Zerg Flyer Weapons Level 3  
  98  25:09  Roach  
  98  25:10  Roach x5  
  98  25:14  Roach x6  
  122  25:32  Drone x3  
  122  25:34  Drone x3  
Tags
 
Add a new tag
Caveats
  • Supply blocks, unpowered buildings, or Contaminate may cause inaccurate times.
  • Supply counts are checked every 10 seconds.